AoeStats
← N_ANI

Hideout

508946311Analyzed
1v1 RM · 6d ago on Sep 24, 2026· 43m 28s· 2 players
Game mode
Random Map
Map size
Tiny (2 player)
Population
200
Speed
Normal
Resources
Standard
Victory
Conquest
Starting age
Dark Age
Ending age
Imperial Age
RankedLock teamsTeams togetherTeam positionsShared explorationLock speedFull tech treeHidden civsTurbo modeCheats
Victory
Defeat
🇨🇳 Varangians · China
1464
+14
🇺🇸 Malay · United States
1415
-14
N_ANI
10:34 Feudal Age
11:45 Double-Bit Axe
14:22 Castle Age
12:30 Horse Collar
15:20 Bow Saw
15:48 Wheelbarrow
15:48 Loom
20:21 Husbandry
20:52 Town Watch
20:49 Light Cavalry
21:48 Scale Barding Armor
22:04 Bloodlines
24:12 Loom
26:29 Forging
26:52 Heavy Plow
27:21 Hand Cart
33:49 Imperial Age
31:33 Fletching
32:45 Iron Casting
32:30 Chain Barding Armor
32:43 Ballistics
33:30 Chain Barding Armor
33:53 Gold Mining
33:54 Stone Mining
33:57 Elite Jarl
34:25 Vendel Legacy
35:25 Conscription
36:27 Chemistry
35:48 Conscription
36:07 Plate Barding Armor
36:17 Stone Shaft Mining
37:17 Blast Furnace
36:13 Bodkin Arrow
37:40 Town Patrol
38:10 Conscription
37:11 Gothikon
37:45 Hussar
38:42 Siege Engineers
38:47 Masonry
38:17 Treadmill Crane
39:58 Careening
40:11 Bracer
40:12 Padded Archer Armor
40:44 Architecture
42:29 Crop Rotation
43:09 Two-Man Saw
The_Economist
9:40 Feudal Age
9:19 Double-Bit Axe
15:00 Castle Age
13:45 Horse Collar
14:09 Fletching
15:24 Bow Saw
17:40 Loom
20:20 Crossbowman
21:47 Bodkin Arrow
24:00 Wheelbarrow
25:46 Padded Archer Armor
25:58 Forging
25:52 Pikeman
27:33 Squires
32:05 Imperial Age
33:00 Chemistry
33:02 Ballistics
33:28 Siege Engineers
33:51 Hand Cart
35:23 Ballistics
35:34 Masonry
35:27 Bracer
35:32 Gold Mining
38:52 Padded Archer Armor
38:16 Arbalester
39:01 Thumb Ring
40:49 Leather Archer Armor
40:38 Stone Mining
41:25 Gold Shaft Mining
Connection lost

Rejoining the realm…

Still unreachable

The connection could not be restored.

Session expired

The server has moved on; the page needs a fresh start.